AoeStats
← Thranduil16

Lombardia

508775580Analyzed
2v2 RM · 8d ago on Sep 24, 2026· 69m 27s· 4 players
Game mode
Random Map
Map size
Medium (4 player)
Population
200
Speed
Normal
Resources
Standard
Victory
Conquest
Starting age
Dark Age
Ending age
Imperial Age
RankedLock teamsTeams togetherTeam positionsShared explorationLock speedFull tech treeHidden civsTurbo modeCheats
Victory
Defeat
🇺🇸 Varangians · United States
1025
+16
🇺🇸 Saxons · United States
1008
+16
🇺🇸 Turks · United States
1025
-16
🇺🇸 Magyars · United States
1021
-16
Holy Order of PIZZASALAD
10:21 Feudal Age
8:37 Loom
10:50 Double-Bit Axe
18:33 Castle Age
16:29 Horse Collar
17:22 Scale Barding Armor
19:59 Bow Saw
20:23 Forging
20:13 Town Watch
23:41 Bloodlines
23:31 Husbandry
26:09 Wheelbarrow
26:51 Stone Mining
27:43 Gold Mining
28:29 Stone Shaft Mining
27:25 Light Cavalry
30:02 Hand Cart
30:55 Fervor
31:47 Vendel Legacy
36:54 Chain Barding Armor
37:10 Iron Casting
41:48 Imperial Age
43:38 Conscription
44:14 Ballistics
43:50 Murder Holes
44:05 Masonry
44:40 Cavalier
46:03 Plate Barding Armor
46:28 Blast Furnace
45:47 Hussar
54:57 Caravan
56:45 Scale Mail Armor
56:37 Fletching
Thranduil16
7:47 Loom
10:45 Feudal Age
11:15 Double-Bit Axe
11:42 Town Watch
12:05 Horse Collar
14:16 Gold Mining
14:50 Stone Mining
24:35 Castle Age
23:14 Man-at-Arms
24:07 Forging
23:57 Scale Mail Armor
25:37 Heavy Plow
27:00 Gold Shaft Mining
28:02 Padded Archer Armor
27:52 Fletching
28:13 Pikeman
30:06 Bow Saw
30:49 Elite Skirmisher
32:51 Wheelbarrow
32:44 Leather Archer Armor
39:34 Hand Cart
40:16 Iron Casting
39:56 Chain Mail Armor
39:22 Long Swordsman
43:07 Imperial Age
40:43 Bodkin Arrow
41:25 Ballistics
44:30 Ring Archer Armor
44:00 Bracer
45:08 Conscription
46:13 Two-Handed Swordsman
46:42 Shield Wall
48:53 Two-Man Saw
48:52 Capped Ram
50:44 Plate Mail Armor
54:15 Halberdier
67:56 Squires
LtArtemisYo
12:24 Feudal Age
17:00 Castle Age
17:24 Double-Bit Axe
22:08 Imperial Age
21:17 Bow Saw
23:04 Loom
24:58 Gold Mining
27:33 Wheelbarrow
28:06 Padded Archer Armor
28:41 Horse Collar
31:50 Hand Cart
36:25 Leather Archer Armor
36:36 Heavy Plow
37:59 Gold Shaft Mining
43:19 Ballistics
44:11 Ring Archer Armor
49:29 Stone Mining
58:25 Bloodlines
58:21 Husbandry
58:36 Forging
58:33 Scale Barding Armor
60:28 Iron Casting
66:17 Blast Furnace
65:37 Chain Barding Armor
LtPeppersYo
8:10 Loom
10:15 Feudal Age
10:50 Double-Bit Axe
10:47 Horse Collar
16:35 Scale Barding Armor
21:27 Castle Age
21:04 Fletching
21:19 Padded Archer Armor
21:33 Bloodlines
25:02 Thumb Ring
26:24 Wheelbarrow
28:15 Bow Saw
28:20 Gold Mining
31:28 Bodkin Arrow
31:55 Chain Barding Armor
31:38 Husbandry
33:53 Ballistics
34:30 Pikeman
35:28 Heavy Plow
40:43 Imperial Age
38:55 Corvinian Army
43:03 Halberdier
43:10 Onager
46:17 Parthian Tactics
46:34 Town Watch
48:07 Two-Man Saw
47:59 Heavy Cavalry Archer
48:50 Bracer
49:09 Leather Archer Armor
49:57 Elite Magyar Huszar
58:15 Crop Rotation
60:20 Gold Shaft Mining
59:36 Stone Mining
60:47 Recurve Bow
61:06 Light Cavalry
64:28 Chemistry
64:24 Hussar
Connection lost

Rejoining the realm…

Still unreachable

The connection could not be restored.

Session expired

The server has moved on; the page needs a fresh start.